 Dungeon Crawl Stone Soup version 0.27.1-33-g824d729ab1 (webtiles) character file.

Game seed: 13134406524248196404

405 pkoi the Ruffian (level 6, -1/48 HPs)
             Began as a Draconian Gladiator on Dec 13, 2021.
             Slain by an ogre (25 damage)
             ... on level 4 of the Dungeon.
             The game lasted 00:03:41 (3750 turns).

pkoi the Ruffian (Draconian Gladiator)              Turns: 3750, Time: 00:03:41

Health: -1/48      AC:  6    Str: 16    XL:     6   Next: 56%
Magic:  6/6        EV: 13    Int: 10    God:
Gold:   602        SH:  0    Dex: 15    Spells: 4/6 levels left

rFire    . . .     SeeInvis .   e - +3 short sword (elec)
rCold    . . .     Faith    .   (no shield)
rNeg     . . .     Spirit   .   (armour unavailable)
rPois    .         Reflect  .   a - +0 hat
rElec    .         Harm     .   (no cloak)
rCorr    .         Rampage  .   (no gloves)
Will     .....                  (no boots)
Stlth    +.........             (no amulet)
HPRegen  0.16/turn              (no ring)
MPRegen  0.10/turn              (no ring)

@: no status effects
A: AC +6, unfitting armour, cold-blooded, hooves 1, agile 1, MP-powered wands
a: no special abilities


You were on level 4 of the Dungeon.
You visited 1 branch of the dungeon, and saw 4 of its levels.

You collected 662 gold pieces.
You spent 60 gold pieces at shops.

Inventory:

Hand Weapons
 e - a +3 short sword of electrocution (weapon)
Missiles
 b - 3 throwing nets (quivered)
 k - 8 poisoned darts
Armour
 a - a +0 hat (worn)
Scrolls
 f - a scroll of fear
 g - 3 scrolls of identify
 h - a scroll of teleportation
Potions
 c - 2 potions of heal wounds
 i - a potion of lignification {unknown}
 j - 2 potions of haste
 l - a potion of curing
 m - a potion of attraction {unknown}
 n - a potion of resistance {unknown}


   Skills:
 - Level 2.1 Fighting
 - Level 1.7 Throwing
 + Level 3.1 Dodging
 * Level 7.0 Unarmed Combat
 + Level 0.6 Spellcasting
 + Level 0.6 Transmutations
 + Level 0.6 Earth Magic


You had 4 spell levels left.
You knew the following spells:

 Your Spells              Type           Power      Damage    Failure   Level
a - Passwall              Tmut/Erth      0%         N/A       38%         2

Your spell library contained the following spells:

 Spells                   Type           Power      Damage    Failure   Level
 Swiftness                Air            0%         N/A       73%         3
 Invisibility             Hex            0%         N/A       100%        6


Dungeon Overview and Level Annotations

Branches:
Dungeon (4/15)
 Temple: D:4-7

Altars:
Fedhas

Shops:
D:2 !


Innate Abilities, Weirdness & Mutations

Your plain brown scales are hard. (AC +6)
You cannot fit into any form of body armour.
You are cold-blooded and may be slowed by cold attacks.
You have large cloven feet.
You are agile. (Dex +2)
You expend magic power (3 MP) to strengthen your wands.


Message History

No target in view!
No target in view!
No target in view!
You see here a ball python corpse.
A sky beast comes into view.
Found a stone staircase leading down.
A sky beast is nearby!
A sky beast is nearby!
A sky beast is nearby!
A sky beast is nearby!
Found a stone staircase leading up.
The sky beast hits you. The sky beast shocks you.
You closely miss the sky beast.
You kick the sky beast, but do no damage.
You tail-slap the sky beast.
The sky beast is lightly wounded.
The sky beast completely misses you.
You hit the sky beast but do no damage. You kick the sky beast.
You tail-slap the sky beast. Your punch misses the sky beast.
The sky beast is lightly wounded.
The sky beast hits you. The sky beast shocks you.
You hit the sky beast. Your kick misses the sky beast.
Your tail-slap misses the sky beast.
The sky beast is lightly wounded.
The sky beast flickers out of sight!
Deactivating autopickup; reactivate with Ctrl-A.
Something hits you. Something shocks you.
* * * LOW HITPOINT WARNING * * *
A sky beast appears from thin air!
Reactivating autopickup.
Okay, then.
Unknown command.
An ogre comes into view. It is wielding a +0 giant club.
The ogre shouts!
You hit the ogre. Your kick misses the ogre. You tail-slap the ogre.
The ogre is lightly wounded.
The sky beast misses you.
The ogre hits you with a +0 giant club!!
Ouch! That really hurt!
You die...

### ******,*** #.#
*,,,,,,,,*
######.#######*,****,*,*
..............,,,,,,,*,*
######....###*,,,,,,,*,*
#....# **,****,*,*
#....# *,,,,,,*,*
######....# ######.#.#
....##....# #.@O.....#
##........#####Y####.###
.........†...##.# *,*
##..##....#####.# ***
#..##....# #.#
##..##.#### #.#
..<.##.########.#
................#
###.#..##########


You could see a sky beast and an ogre.

Vanquished Creatures
  2 black bears (D:4)
  A scorpion (D:4)
  An iguana (D:4)
  An orc wizard (D:3)
  3 adders
  2 dart slugs (D:3)
  7 orcs
  11 bats
  7 endoplasms
  4 giant cockroaches
  5 goblins
  7 hobgoblins
  7 quokkas
  10 ball pythons
  3 frilled lizards
  8 kobolds
  6 rats
85 creatures vanquished.

Notes
Turn   | Place    | Note
-------+----------+-------------------------------------------
     0 | D:1      | pkoi the Draconian Gladiator began the quest for the Orb.
     0 | D:1      | Reached XP level 1. HP: 17/17 MP: 1/1
   418 | D:1      | Reached XP level 2. HP: 22/24 MP: 2/2
   843 | D:1      | Reached skill level 4 in Unarmed Combat
  1169 | D:2      | Reached XP level 3. HP: 29/29 MP: 3/3
  1325 | D:2      | Found Wotuh's Distillery.
  1699 | D:2      | Found a faded altar of an unknown god.
  1774 | D:2      | Gained mutation: You are agile. (Dex +2) [potion of
                  | mutation]
  1774 | D:2      | Gained mutation: You have large cloven feet. [potion of
                  | mutation]
  1774 | D:2      | Gained mutation: You expend magic power (3 MP) to
                  | strengthen your wands. [potion of mutation]
  2413 | D:3      | Reached XP level 4. HP: 34/36 MP: 4/4
  2451 | D:3      | Identified a scroll of acquirement
  2451 | D:3      | Acquired 482 gold pieces
  2468 | D:3      | Reached skill level 5 in Unarmed Combat
  2515 | D:2      | Bought a potion of heal wounds for 60 gold pieces
  2955 | D:3      | Found a blossoming altar of Fedhas.
  3218 | D:4      | Noticed a black bear
  3223 | D:4      | Killed a black bear
  3224 | D:4      | Reached skill level 6 in Unarmed Combat
  3224 | D:4      | Reached XP level 5. HP: 38/41 MP: 5/5
  3311 | D:4      | Learned a level 2 spell: Passwall
  3366 | D:4      | Noticed a black bear
  3374 | D:4      | Killed a black bear
  3375 | D:4      | Reached XP level 6. HP: 46/48 MP: 6/6
  3691 | D:4      | Reached skill level 7 in Unarmed Combat
  3725 | D:4      | Noticed a sky beast
  3750 | D:4      | Slain by an ogre

Illustrated notes

Levels and vault maps discovered:
D:1:      amcnicky_arrival_gap_in_the_tavern_cellar, layout_basic,
          minmay_hexomino_c4
D:2:      layout_loops_ring, serial_shops, shop_fountains,
          ebering_ecumenical_altar_abandoned, corexii_shack,
          hangedman_feature_mirror, supply_closet_lemuel, st_stairs_5,
          minmay_unequal
D:3:      layout_loops_ring, mainiacjoe_overflow_alcove_2
D:4:      layout_basic

Skill      XL: |  1  2  3  4  5  6 |
---------------+-------------------+-----
Unarmed Combat | 4 6 7 |  7.0
Dodging        | 3 |  3.1
Fighting       | |  2.1
Throwing       | |  1.7
Spellcasting   | |  0.6
Transmutations | |  0.6
Earth Magic    | |  0.6

Action                   |  1- 3 |  4- 6 || total
-------------------------+-------+-------++-------
Melee: Unarmed           |    25 |       ||    25
       Short sword       |    90 |    80 ||   170
       Tailslap          |     9 |    11 ||    20
       Kick              |     5 |    16 ||    21
       Punch             |     2 |       ||     2
  Use: Scroll            |     5 |     4 ||     9
       Potion            |     4 |       ||     4
 Stab: Invisible         |     1 |       ||     1
       Sleeping          |       |     1 ||     1
Armor: Skin              |    51 |    22 ||    73
Dodge: Dodged            |    72 |    51 ||   123
